 Dungeon Crawl Stone Soup version 0.19.5 (webtiles) character file.

827 kraedy the Basher (level 7, -4/41 HPs)
             Began as a Gargoyle Fighter on Apr 1, 2017.
             Slain by an ogre
             ... wielding a +0 giant spiked club
              (16 damage)
             ... on level 5 of the Dungeon.
             The game lasted 00:09:56 (4398 turns).

kraedy the Basher (Gargoyle Fighter)                Turns: 4398, Time: 00:09:57

Health: -4/41      AC: 19    Str: 22    XL:     7   Next: 97%
Magic:  7/7        EV:  4    Int:  8    God:
Gold:   259        SH:  9    Dex:  9    Spells: 0 memorised, 6 levels left

rFire  . . .     SeeInvis .     o - +0 whip
rCold  . . .     Gourm    .     C - +0 plate armour
rNeg   + . .     Faith    .     c - +0 shield
rPois  ∞         Spirit   .     (no helmet)
rElec  +         Reflect  .     (no cloak)
rCorr  .         Harm     .     d - +0 pair of gloves
MR     +....                    (no boots)
Stlth  ..........               (no amulet)
                                (no ring)
                                k - +2 ring of protection

@: no status effects
A: magic resistance 1, negative energy resistance 1, electricity resistance,
unbreathing, evolution 1, petrification resistance, rot immunity, AC +4
a: no special abilities


You were on level 5 of the Dungeon.
You were not hungry.

You visited 1 branch of the dungeon, and saw 5 of its levels.

You collected 259 gold pieces.

Inventory:

Hand Weapons
 a - a +0 flail
 o - a +0 whip (weapon)
Armour
 c - a +0 shield (worn)
 d - a +0 pair of gloves (worn)
 n - a +0 large shield
 C - a +0 plate armour (worn)
Jewellery
 k - a +2 ring of protection (left hand)
Wands
 t - a wand of polymorph (17/24)
Scrolls
 e - a scroll of amnesia {unknown}
 j - 2 scrolls of blinking {unknown}
 l - 3 scrolls of identify
 m - a scroll of teleportation {unknown}
 r - 2 scrolls of random uselessness {unknown}
 s - a scroll of enchant weapon {unknown}
 w - 2 scrolls of recharging {unknown}
 y - a scroll of magic mapping {unknown}
Potions
 i - a potion of lignification
 p - 2 potions of degeneration
 x - a potion of resistance
 A - a potion of brilliance {unknown}
 B - a potion of agility
Books
 q - a book of Changes

   Spells                             Type                      Level
   a - Beastly Appendage              Transmutation                1
   b - Sticks to Snakes               Transmutation                2
   c - Spider Form                    Transmutation/Poison         3
   d - Ice Form                       Ice/Transmutation            4
   e - Blade Hands                    Transmutation                5
Comestibles
 b - a chunk of flesh
 f - 3 bread rations
 g - 2 royal jellies
 h - 3 fruits
 u - 3 meat rations


   Skills:
 - Level 3.2 Fighting
 + Level 8.9 Maces & Flails
 - Level 3.2 Armour
 - Level 3.2 Shields


You had 6 spell levels left.
You didn't know any spells.

Dungeon Overview and Level Annotations

Branches:
Dungeon (5/15)             Temple (0/1) D:4

Altars:
Fedhas
Gozag
Uskayaw
Xom
Zin


Innate Abilities, Weirdness & Mutations

You are resistant to torment.
Your stone body is resilient. (AC +4)
You are immune to poison.
You resist negative energy. (rN+)
You are resistant to electric shocks. (rElec)
You can survive without breathing.
You are immune to petrification.
You are immune to rotting.
You are resistant to hostile enchantments. (MR+)
You evolve.


Message History

You block the centaur's attack.
You closely miss the centaur.
The centaur is moderately wounded.
You block the centaur's attack.
The centaur moves out of view.
You see here an arrow.
You feel better.
The ogre hits you with a giant spiked club!
The centaur wields an uncursed shortbow.
The centaur shoots an arrow.
The arrow hits you but does no damage.
You see here an arrow.
The centaur shoots an arrow.
The arrow hits you.
* * * LOW HITPOINT WARNING * * *
A worker ant comes into view.
You see here an arrow.
A gnoll comes into view. It is wielding a halberd.
An adder skeleton comes into view.
The centaur shoots an arrow.
You block the arrow.
The ogre hits you with a giant spiked club!
You die...

.... ......>........##
.... ................. ...
.##.#......########
.###.##.#.....@#########
................<.......
......#.##################
........ ........c.......#
..##..#. .ga.....Oa......#
........ ..#####@.#####..#
).....# ......#..#......#
..##..# Z.....#..#..c...#
..# ####..#..#..##### ....
.....#..#.a....# ..#..
.....#..#....c.# ......#
..#####..#####a.# #(....#
......#..#..c...# .....#
.....#..#......#


You could see an ogre, a centaur, 2 worker ants, a gnoll and an adder skeleton.

Vanquished Creatures
  The ghost of Lucio the Slasher, an amateur DrBe of Trog (D:4)
  Sigmund (D:5)
  A phantom (D:4)
  An ogre (D:4)
  A scorpion (D:5)
  2 iguanas (D:5)
  Terence (D:2)
  5 adders
  An ooze (D:4)
  4 worms
  13 dart slugs
  3 giant cockroaches
  9 goblins
  8 hobgoblins
  2 jackals (D:3)
  9 kobolds
  2 quokkas
  A ball python (D:2)
  8 bats
  9 frilled lizards
  12 rats
94 creatures vanquished.

Notes
Turn   | Place    | Note
-------+----------+-------------------------------------------
     0 | D:1      | kraedy the Gargoyle Fighter began the quest for the Orb.
     0 | D:1      | Reached XP level 1. HP: 14/14 MP: 1/1
   260 | D:1      | Reached XP level 2. HP: 17/19 MP: 2/2
   362 | D:1      | Reached skill level 3 in Maces & Flails
   655 | D:1      | Reached XP level 3. HP: 22/23 MP: 3/3
   872 | D:2      | Reached skill level 4 in Maces & Flails
   968 | D:2      | Reached XP level 4. HP: 20/28 MP: 4/4
  1062 | D:2      | Noticed Terence
  1083 | D:2      | Killed Terence
  1523 | D:3      | Reached skill level 5 in Maces & Flails
  1551 | D:3      | Reached XP level 5. HP: 32/32 MP: 5/5
  1592 | D:3      | Found a blossoming altar of Fedhas.
  1836 | D:3      | Found a faded altar of an unknown god.
  1836 | D:3      | Found a faded altar of an unknown god.
  1841 | D:3      | Found a faded altar of an unknown god.
  1843 | D:3      | Found a faded altar of an unknown god.
  1845 | D:3      | Found a shimmering altar of Xom.
  2124 | D:3      | Found a glowing silver altar of Zin.
  2125 | D:3      | Found an opulent altar of Gozag.
  2591 | D:4      | Noticed an ogre
  2601 | D:4      | Killed an ogre
  2601 | D:4      | Reached skill level 6 in Maces & Flails
  2601 | D:4      | Reached XP level 6. HP: 37/37 MP: 6/6
  2662 | D:4      | Noticed a phantom
  2718 | D:4      | Killed a phantom
  2793 | D:4      | Found a hide-covered altar of Uskayaw.
  3060 | D:4      | Found a staircase to the Ecumenical Temple.
  3106 | D:4      | Noticed Lucio's ghost (amateur DrBe)
  3155 | D:5      | Entered Level 5 of the Dungeon
  3161 | D:5      | Gained mutation: You are frail. (-10% HP) [potion of mutation]
  3161 | D:5      | Gained mutation: You are resistant to hostile enchantments. (MR+) [potion of mutation]
  3161 | D:5      | Gained mutation: You evolve. [potion of mutation]
  3404 | D:5      | Noticed Sigmund
  3491 | D:4      | Killed Lucio's ghost
  3491 | D:4      | Reached skill level 7 in Maces & Flails
  3491 | D:4      | Reached XP level 7. HP: 23/36 MP: 7/7
  3668 | D:4      | Lost mutation: You are frail. (-10% HP) [evolution]
  3883 | D:5      | Killed Sigmund
  3883 | D:5      | Reached skill level 8 in Maces & Flails
  4398 | D:5      | Slain by an ogre

Skill      XL: |  1  2  3  4  5  6  7 |
---------------+----------------------+-----
Maces & Flails | 3 4 5 6 7 8 |  8.9
Fighting       | |  3.2
Armour         | |  3.2
Shields        | |  3.2

Action                   |  1- 3 |  4- 6 |  7- 9 || total
-------------------------+-------+-------+-------++-------
Melee: Flail             |    80 |       |       ||    80
       Whip              |   117 |   401 |    67 ||   585
  Use: Potion            |       |     4 |     1 ||     5
       Scroll            |       |     5 |       ||     5
  Eat: Chunk             |       |     8 |     3 ||    11
       Fruit             |       |       |     1 ||     1
Armor: Scale mail        |   125 |   132 |     3 ||   260
       Skin              |       |    18 |       ||    18
       Plate armour      |       |       |    17 ||    17
Dodge: Dodged            |    66 |    79 |     4 ||   149
Block: Shield            |   127 |   140 |    20 ||   287
